[Event "*** Titled Tuesday Blitz"]
[Site "Chess.com"]
[Date "2020.05.19"]
[Round "9"]
[White "Gordima"]
[Black "Abund"]
[Result "1-0"]
[WhiteElo "2785"]
[BlackElo "2612"]
[TimeControl "180+1"]
[EndTime "13:48:21 PDT"]
[Termination "Gordima won by checkmate"]

1. d4 Nf6 2. c4 g6 3. Nc3 d5 4.
cxd5 Nxd5 5. e4 Nxc3 6. bxc3 Bg7 7. Nf3 c5 8. Be3 Qa5 9. Qd2 O-O 10. Rc1 Rd8 11.
d5 e6 12. Bg5 f6 13. Be3 exd5 14. exd5 Nc6 15. Bd3 Ne7 16. c4 Qxd2+ 17. Nxd2 b6 18.
Bf4 Bf5 19. Bxf5 Nxf5 20. Ke2 g5 21. Bg3 Bf8 22. Kd3 Bd6 23. Rhe1 Bxg3 24. hxg3 Re8 25. a4 Nd6 26. a5 Kf7 27. Rxe8 Rxe8 28. axb6 axb6 29. Ra1 Re7 30. Ra6 Rb7 31. g4 Kg6 32. f3 Nf7 33. Ne4 Rb8 34. Kc3 Ne5 35. Ra7 b5 36. Ra6 Nxc4 37. Rxf6+ Kg7 38. Ra6 Ne3 39.
Nxc5 Nxd5+ 40. Kd4 Nf4 41. g3 Rd8+ 42. Ke4 Re8+ 43.
Kf5 Nh3 44. Ne6+ Kf7 45. Rb6 Re7 46. Nxg5+ Nxg5 47. Kxg5 Re5+ 48. Kf4 Rc5 49. g5 Kg7 50. Kg4 Rd5 51. f4 Rc5 52. f5 Rd5 53. Rb7+ Kg8 54. f6 Rc5 55. Kh5 Rc1 56. Rxb5 Rh1+ 57. Kg4 Rc1 58.
Rb8+ Kf7 59. Rb7+ Kg8 60. Rb4 Rc2 61. Rd4 Rc1 62. Kf5 Rc5+ 63. Ke6 Rc8 64. Ke7 Rf8 65. g4 Ra8 66. Rd8+ Rxd8 67. Kxd8 Kf7 68. Kd7 Kf8 69. Ke6 Ke8 70. f7+ Kf8 71. Kf6 h6 72. g6 h5 73.
g7# 1-0

[Event "*** Titled Tuesday Blitz"]
[Site "Chess.com"]
[Date "2020.05.19"]
[Round "9"]
[White "KuzubovYuriy"]
[Black "Sam_ChessMood"]
[Result "1/2-1/2"]
[WhiteElo "2714"]
[BlackElo "2869"]
[TimeControl "180+1"]
[EndTime "13:48:22 PDT"]
[Termination "Game drawn by agreement"]

1. d4 Nf6 2. c4 e6 3. Nc3 Bb4 4.
e3 O-O 5. Ne2 d5 6. a3 Bd6 7.
Ng3 c5 8. dxc5 Bxc5 9. b4 Bb6 10. Bb2 Nc6 11. cxd5 exd5 12. Nce2 Re8 13. Nd4 Ne5 14. Rc1 Bg4 15. Qb3 Rc8 16. Rxc8 Qxc8 17. Be2 Bxd4 18. Bxd4 Qc1+ 19. Bd1 Nc4 20. Qc2 Qxd1+ 21. Qxd1 Bxd1 22. Kxd1 Nxa3 23. Bxf6 gxf6 24. Kd2 Nc4+ 25. Ke2 d4 26. Kd3 Ne5+ 27. Kxd4 Rc8 28. f4 Nc6+ 29. Kc3 Kf8 30.
Rd1 Nd4+ 31. Kd3 Nb5 32. Rb1 Rc3+ 33. Ke2 Ke7 34. Ne4 Rc4 35. Nd2 Rc2 36. Kd3 Rc3+ 37.
Ke2 Rc2 38. Ra1 a6 39. Kd3 Rb2 40. Ne4 Rxg2 41. Rc1 Rxh2 42. Rc8 Rb2 43. Rb8 Nd6 44. Nxd6 Kxd6 45. Rxb7 a5 46. Rxf7 Ke6 47. Rxh7 axb4 48. e4 Rb1 49. f5+ Ke5 50. Re7+ Kf4 51. Re6 b3 52. Rxf6 b2 53. Kc2 Re1 54. Kxb2 Rxe4 55. Rf7 Re5 56. f6 Kf5 57. Rf8 Re6 58. f7 Kf6 59.
Re8 Rb6+ 60. Kc3 Kxf7 61. Rc8 Re6 62. Rc4 Re7 63. Kb4 Re6 64. Kc5 Re7 65. Rd4 Re6 66.
Kc4 Re7 67. Kd3 Re6 68. Rf4+ Rf6 69. Re4 Re6 70. Ra4 Re7 71. Kc2 Re6 72. Kb1 Kf6 73. Rf4+ Ke5 74. Rf2 1/2-1/2

[Event "*** Titled Tuesday Blitz"]
[Site "Chess.com"]
[Date "2020.05.19"]
[Round "9"]
[White "froylanajedrez"]
[Black "marszach123"]
[Result "1-0"]
[WhiteElo "2351"]
[BlackElo "2197"]
[TimeControl "180+1"]
[EndTime "13:48:23 PDT"]
[Termination "froylanajedrez won on time"]

1. d4 Nf6 2. c4 e6 3. g3 Bb4+ 4.
Bd2 Qe7 5. Bg2 O-O 6. Nf3 Bxd2+ 7. Nbxd2 d6 8. O-O e5 9. e3 Nbd7 10. Rc1 a5 11. Qc2 Re8 12. Rfd1 c6 13. b3 Nf8 14. Ng5 h6 15. Nge4 Bf5 16. Nxf6+ Qxf6 17. e4 Be6 18. d5 Bd7 19. c5 cxd5 20. cxd6 Qxd6 21. Nc4 Qg6 22. Rxd5 Bc6 23. Rd6 Re6 24. Nxe5 Qg5 25. f4 Qe7 26. Rxe6 Nxe6 27. Nxc6 bxc6 28. Qxc6 Rd8 29. Qc2 Nd4 30. Qf2 Qa7 31. Rc4 Ne2+ 32. Kf1 Rd1+ 33. Kxe2 Rd2+ 34. Kxd2 Qxf2+ 35. Kc3 Qxg2 36.
Ra4 Qxh2 37. Rxa5 Qxg3+ 38. Kd4 Qxf4 39. b4 Qd6+ 40. Kc4 g5 41. Rd5 Qa6+ 42. b5 Qxa2+ 43. Kc5 g4 44. b6 Qc2+ 45. Kd6 Qxe4 46. b7 Qb4+ 47. Kc6 g3 48. Rd8+ Kg7 49. b8=Q Qxb8 50. Rxb8 h5 51. Rb5 h4 52. Rh5 Kg6 53. Rxh4 Kg5 54.
Rh1 f5 55. Kd5 f4 56. Ke4 Kg4 57. Rf1 g2 58. Rg1 f3 59. Ke3 Kg3 60. Rb1 f2 61.
Ke2 g1=Q 62. Rb3+ Kg2 63. Kd3 Qf1+ 64. Ke3 Qe1+ 65. Kf4 f1=Q+ 66. Kg4 Qf6 67. Rg3+ 1-0

[Event "*** Titled Tuesday Blitz"]
[Site "Chess.com"]
[Date "2020.05.19"]
[Round "9"]
[White "AminMolaei"]
[Black "Quaternitychess"]
[Result "1/2-1/2"]
[WhiteElo "2651"]
[BlackElo "2797"]
[TimeControl "180+1"]
[EndTime "13:48:24 PDT"]
[Termination "Game drawn by repetition"]

1. d4 Nf6 2. c4 c5 3. d5 g6 4. Nc3 Bg7 5. h3 d6 6. e4 O-O 7.
Bf4 e6 8. Nf3 exd5 9. exd5 Re8+ 10. Be2 Ne4 11. Nxe4 Rxe4 12. Bg5 Qe8 13. Nd2 Re5 14.
Bf4 Bf5 15. Bxe5 Qxe5 16. O-O Qxb2 17. Nb3 Bc2 18. Qc1 Bxb3 19. Qxb2 Bxb2 20. Rab1 Bd4 21.
Rxb3 b6 22. Re1 Na6 23. Bg4 Kf8 24. Bd7 Nb4 25. Re2 Rd8 26. Bb5 a6 27. Ba4 b5 28.
cxb5 axb5 29. Bxb5 Nxd5 30. Kf1 Nf4 31. Re1 d5 32. Rf3 g5 33. h4 h6 34. g3 Ng6 35.
hxg5 hxg5 36. Rf5 f6 37. a4 Ne7 38. Rf3 Kf7 39. a5 Rb8 40. Rb3 Ra8 41. a6 c4 42. Ra3 Bc5 43. Ra2 Ra7 44. Kg2 f5 45. Ree2 Kf6 46. Re1 f4 47. Rae2 Ng6 48. Re6+ Kg7 49.
Be8 Ne7 50. gxf4 gxf4 51. Kf3 c3 52. Rg1+ Kf8 53. Bh5 Bd4 54. Ke2 Rc7 55. Kd3 Bg7 56. Rb1 c2 57. Rb8+ Nc8 58. Rxc8+ Rxc8 59. Re1 Rc3+ 60.
Kd2 Rc8 61. Rc1 Bc3+ 62. Kxc2 Bd4+ 63. Kd1 Rxc1+ 64. Kxc1 Bxf2 65. Kd2 Ke7 66. Bf3 Kd6 67. Kd3 Ba7 68. Kd2 Kc5 69. Kd3 Kd6 70. Kc3 Ke5 71. Kd3 Kd6 1/2-1/2

[Event "*** Titled Tuesday Blitz"]
[Site "Chess.com"]
[Date "2020.05.19"]
[Round "9"]
[White "Nikolaj_6"]
[Black "PavelChernomordik"]
[Result "1-0"]
[WhiteElo "2576"]
[BlackElo "2407"]
[TimeControl "180+1"]
[EndTime "13:48:24 PDT"]
[Termination "Nikolaj_6 won on time"]

1. e4 g6 2. d4 Bg7 3. c4 Nc6 4. d5 Nd4 5. Ne2 e5 6. Nxd4 exd4 7. Bd3 d6 8. O-O Nf6 9. h3 O-O 10. Bg5 c6 11. Nd2 h6 12. Bh4 Qb6 13. Rb1 Re8 14.
Re1 a5 15. b3 Nh5 16. Bf1 Bd7 17. Rc1 a4 18. c5 dxc5 19. Nc4 Qa7 20. bxa4 cxd5 21. exd5 Bxa4 22. Qd2 g5 23. Bg3 Nxg3 24. fxg3 Rad8 25. Rxe8+ Bxe8 26. Re1 Bb5 27. d6 Qa6 28. Qc2 Bxc4 29. Bxc4 Qxd6 30. Qf5 Qf6 31. Qxc5 d3 32. Rf1 Qd4+ 33. Qxd4 Bxd4+ 34. Kh2 d2 35. Rxf7 Kh8 36. Bb3 Bg7 37. Rf1 Be5 38. Bd1 Rd3 39. Rf3 Rd7 40. Kg1 Kg7 41. Kf2 b6 42. Ke2 Bc7 43. g4 Bf4 44. g3 Be5 45. a4 Rd4 46. Re3 Kf6 47. Rf3+ Ke7 48. Rb3 Rd6 49. Re3 Kf6 50.
h4 Rd4 51. Rf3+ Ke7 52. Rb3 Rd6 53. Re3 Re6 54. Bb3 d1=Q+ 55. Kxd1 Rd6+ 56. Ke2 Kf6 57. Rf3+ Ke7 58. Rf5 Bxg3 59. hxg5 hxg5 60. Rxg5 Rd2+ 61. Kf1 Bd6 62. Rb5 Bc5 63. a5 Rf2+ 64. Ke1 Rf6 65. a6 Rf8 66. Bd5 Kd6 67. Bg2 Rf7 68. Bb7 1-0

[Event "*** Titled Tuesday Blitz"]
[Site "Chess.com"]
[Date "2020.05.19"]
[Round "9"]
[White "GlennTipton"]
[Black "Kezin_Roman"]
[Result "1-0"]
[WhiteElo "2529"]
[BlackElo "2742"]
[TimeControl "180+1"]
[EndTime "13:48:25 PDT"]
[Termination "GlennTipton won on time"]

1. e4 c5 2. Nc3 Nc6 3. f4 g6 4. Nf3 Bg7 5. Bb5 Nd4 6. Bd3 e6 7. Nxd4 cxd4 8. Nb5 d6 9. c3 dxc3 10. dxc3 a6 11. Qa4 Kf8 12. Qa3 Ne7 13. Nxd6 Qb6 14.
Nc4 Qc7 15. Be3 b5 16. Nd6 Bb7 17. Nxb7 Qxb7 18. Bc5 Re8 19. O-O Kg8 20. f5 Nc6 21. f6 Bf8 22. Bxf8 Rxf8 23. Qc5 Rc8 24. Rad1 Qc7 25.
a4 h5 26. axb5 axb5 27. Bxb5 Ne5 28. Qxc7 Rxc7 29. Rd8+ Kh7 30. Rxh8+ Kxh8 31. c4 g5 32. Rd1 Kh7 33. h3 Kg6 34. b4 Kxf6 35. Rd4 Ra7 36. c5 Ra1+ 37. Bf1 Rb1 38. b5 g4 39. c6 gxh3 40. c7 Rxf1+ 41. Kxf1 h2 42. c8=Q h1=Q+ 43.
Kf2 Ng4+ 44. Ke2 Qxg2+ 45. Kd3 Qf3+ 46. Kd2 Qe3+ 47. Kc2 Qf2+ 48. Kc3 Qe3+ 49. Kc2 Qe2+ 50.
Rd2 Qxe4+ 51. Kb2 Qe5+ 52. Qc3 Qxc3+ 53. Kxc3 Ne3 54. b6 1-0

[Event "*** Titled Tuesday Blitz"]
[Site "Chess.com"]
[Date "2020.05.19"]
[Round "9"]
[White "szefru"]
[Black "MaxLeto"]
[Result "0-1"]
[WhiteElo "2160"]
[BlackElo "2326"]
[TimeControl "180+1"]
[EndTime "13:48:25 PDT"]
[Termination "MaxLeto won by resignation"]

1. e4 c5 2. Nf3 d6 3. d4 cxd4 4.
Qxd4 a6 5. c4 Nc6 6. Qd3 g6 7. Nc3 Bg7 8. Be2 Nf6 9. O-O O-O 10.
h3 Be6 11. Rb1 Nd7 12. Ng5 Nde5 13. Nxe6 Nxd3 14. Nxd8 Nxc1 15. Rfxc1 Rfxd8 16. b3 Bxc3 17. Rxc3 Nd4 18. Bf1 Rac8 19. Rd3 e5 20. g3 b5 21. cxb5 axb5 22. Rbd1 Rc2 23. a3 Ra2 24. b4 Rc8 25.
Bg2 Rcc2 26. Rf1 Kf8 27. Bh1 Ke7 28. f4 f6 29. fxe5 dxe5 30. g4 Rh2 31. Rg3 Rhd2 32. Re3 Ne2+ 33. Kf2 Nf4+ 34. Kf3 Nd3 35. Kg3 Nb2 36.
Ref3 Rd3 37. Kh4 Rxf3 38. Rxf3 Nc4 39. g5 fxg5+ 40. Kxg5 Rxa3 41. Rf1 Rg3+ 42. Kh4 Rb3 43. Bf3 Rxb4 44. Bg4 Rb3 45. Rd1 Re3 46. Rd7+ Kf6 47. Rb7 Rxe4 48. Rxb5 h5 49. Rb6+ Ke7 50. Rxg6 hxg4 51.
hxg4 Rf4 52. Rc6 Nd6 53. Kh5 Rf8 54. g5 e4 55. Rc5 Rf5 56. Rc3 Nf7 57. Re3 Nxg5 58.
Kg4 Kf6 59. Re1 Re5 60. Rf1+ Ke6 61. Re1 Nf3 62. Re3 Kd5 63. Kf4 Kd4 64. Re2 Kd3 65. Re3+ Kd4 66. Re2 Re8 67. Re3 Rf8+ 68. Kg3 Kxe3 0-1

[Event "*** Titled Tuesday Blitz"]
[Site "Chess.com"]
[Date "2020.05.19"]
[Round "9"]
[White "Bastiandash"]
[Black "wanyaland"]
[Result "1/2-1/2"]
[WhiteElo "2202"]
[BlackElo "2335"]
[TimeControl "180+1"]
[EndTime "13:48:26 PDT"]
[Termination "Game drawn by stalemate"]

1. Nf3 Nf6 2. d4 g6 3. c3 Bg7 4. Bg5 h6 5. Bh4 d6 6. Nbd2 Nbd7 7. e4 e5 8. dxe5 Nxe5 9. Nxe5 dxe5 10. Bc4 O-O 11.
O-O c6 12. Qc2 Qe7 13. Rfe1 Be6 14. f3 Rad8 15. Bxe6 Qxe6 16. Nf1 Rd7 17. b3 Rfd8 18. Rad1 a6 19. Bf2 Nh5 20. Rxd7 Qxd7 21. Ne3 Nf4 22. Rd1 Qc8 23. Rxd8+ Qxd8 24. Nc4 b5 25. Ne3 Qa5 26. Kf1 Bf8 27. Ng4 Bg7 28. Ne3 h5 29. g3 Ne6 30.
Kg2 Bf8 31. Qd2 Qa3 32. Nd1 a5 33. h4 a4 34. bxa4 Qxa4 35. Be3 Qc4 36. Nf2 Bc5 37. Bxc5 Nxc5 38. Qd8+ Kg7 39. Qd6 Qxc3 40. Qxc6 b4 41. Qd5 Qd4 42. Qxd4 exd4 43. Kf1 Na4 44. Nd3 Nc3 45.
Nxb4 Kf6 46. Ke1 Ke5 47. Nc6+ Kd6 48. Nxd4 Nxa2 49. Kd2 Nb4 50. Ke3 f6 51. f4 Na6 52.
Nf3 Ke6 53. Kd4 Nc7 54. e5 Nb5+ 55. Ke4 Nc3+ 56. Kd3 Nd5 57. exf6 Nxf6 58. Ng5+ Kf5 59. Ke3 Kg4 60. Ne4 Nxe4 61. Kxe4 Kxg3 62. f5 gxf5+ 63.
Kxf5 Kxh4 64. Kf4 Kh3 65. Kf3 Kh2 66. Kf2 h4 67. Kf1 h3 68. Kf2 Kh1 69. Kf1 h2 70.
Kf2 1/2-1/2

[Event "*** Titled Tuesday Blitz"]
[Site "Chess.com"]
[Date "2020.05.19"]
[Round "9"]
[White "cassoulet"]
[Black "2nd_life"]
[Result "0-1"]
[WhiteElo "2635"]
[BlackElo "2476"]
[TimeControl "180+1"]
[EndTime "13:48:27 PDT"]
[Termination "2nd_life won by resignation"]

1. e4 e5 2. Nf3 Nc6 3. Bb5 a6 4. Ba4 Nf6 5. O-O Be7 6. Qe2 b5 7. Bb3 O-O 8. c3 d6 9. d4 Bg4 10. Rd1 Qc8 11. Bg5 Na5 12. Bc2 h6 13. Bh4 c5 14.
dxe5 dxe5 15. Bg3 Nc6 16. h3 Bxf3 17. Qxf3 c4 18. Bh4 Qe6 19. Nd2 Rfd8 20. Bxf6 Qxf6 21.
Qxf6 Bxf6 22. Nf1 Rxd1 23. Rxd1 Rd8 24. Ne3 Rxd1+ 25. Bxd1 Bd8 26. Bg4 Ne7 27. Bd7 Bb6 28.
Nc2 Bc5 29. Kf1 g6 30. Ke2 f5 31. exf5 gxf5 32. a4 bxa4 33. Bxa4 Kf7 34. Bd7 Kf6 35. g4 Nd5 36. Bxf5 Nf4+ 37. Kf3 Nxh3 38. Ne3 Bxe3 39. fxe3 Ng5+ 40. Kg3 a5 41. Bc8 Ne4+ 42. Kf3 Nd6 43. Bd7 Kg5 44. Ke2 Kh4 45. Kf3 Kg5 46. Be6 Kh4 47.
Bd5 Kg5 48. Kg3 h5 49. gxh5 Kxh5 50. Kf3 Kg5 51. Be6 Kf6 52. Bd5 Kf5 53. e4+ Kg5 54. Kg3 Kh5 55. Kh3 Kg5 56. Kg3 Kh5 57. Kf3 Kg5 58.
b3 cxb3 59. Bxb3 Nb7 60. Ke3 Nc5 61. Bd5 Kg4 62. Bc4 Kg3 63. Be2 Kg2 64. Bc4 a4 65.
Bd5 a3 66. Kd2 Kf2 67. Kc2 Ke3 68. Kb1 Nxe4 69. Ba8 Nxc3+ 70. Kc2 Kd4 71. Kb3 Nb5 72. Bc6 Kc5 73. Bxb5 Kxb5 74. Kxa3 Kc4 75. Kb2 Kd3 76. Kc1 Ke2 77. Kc2 e4 0-1

[Event "*** Titled Tuesday Blitz"]
[Site "Chess.com"]
[Date "2020.05.19"]
[Round "9"]
[White "Harsha_Bharathakoti"]
[Black "JustinWang1234"]
[Result "1/2-1/2"]
[WhiteElo "2753"]
[BlackElo "2606"]
[TimeControl "180+1"]
[EndTime "13:48:30 PDT"]
[Termination "Game drawn by stalemate"]

1. f4 d5 2. Nf3 Nf6 3. g3 b6 4. Bg2 Bb7 5. O-O c5 6. d3 g6 7. Qe1 Bg7 8. Ne5 Nfd7 9. Nxd7 Qxd7 10. e4 O-O 11. Nc3 e6 12. e5 f6 13. exf6 Bxf6 14.
Nd1 Nc6 15. Ne3 Rae8 16. c3 Bg7 17. Qe2 d4 18. Nd1 dxc3 19. bxc3 e5 20. Qc2 Na5 21. Bxb7 Qxb7 22. Nf2 c4 23. Be3 exf4 24. Bxf4 cxd3 25. Qxd3 Rd8 26. Qc2 Nc4 27. Rad1 Qc6 28. Qe4 Qxe4 29. Nxe4 Be5 30. Bxe5 Nxe5 31. Rxf8+ Rxf8 32. Rd5 Nc6 33. Rd6 Na5 34. Rd7 Rf7 35. Rd8+ Kg7 36. Kg2 Re7 37. Kf3 Nc6 38. Rc8 Ne5+ 39. Kf4 Nd3+ 40.
Ke3 Nc5 41. Rxc5 bxc5 42. Kd3 Re5 43. a4 Kf7 44. Nd6+ Ke6 45. Nc8 a6 46. Kc4 Kd7 47. Nb6+ Kc6 48. a5 Re4+ 49. Kd3 Re8 50. Nc4 Rd8+ 51. Kc2 Kb5 52. Kb3 Rd1 53. Ne5 Kxa5 54.
Kc4 Kb6 55. Ng4 Kc6 56. Nf6 a5 57. Nxh7 a4 58. Nf8 a3 59. Kb3 g5 60. Nh7 g4 61.
Nf6 Rd2 62. Kxa3 Rxh2 63. Nxg4 Rg2 64. Ne5+ Kd5 65. Nd7 Rxg3 66. Kb3 c4+ 67. Kb4 Rg6 68. Kb5 Rd6 69. Nb6+ Rxb6+ 70. Kxb6 Kd6 71. Kb5 Kd5 72. Kb4 Kd6 73. Kxc4 Kc6 74. Kd4 Kd6 75. c4 Kc6 76. c5 Kc7 77. Kd5 Kd7 78. c6+ Kc7 79. Kc5 Kc8 80.
Kd6 Kd8 81. c7+ Kc8 82. Kc6 1/2-1/2

[Event "*** Titled Tuesday Blitz"]
[Site "Chess.com"]
[Date "2020.05.19"]
[Round "9"]
[White "Andro2"]
[Black "Witik"]
[Result "0-1"]
[WhiteElo "2417"]
[BlackElo "2622"]
[TimeControl "180+1"]
[EndTime "13:48:30 PDT"]
[Termination "Witik won on time"]

1. Nf3 c6 2. b3 d5 3. Bb2 Bg4 4. e3 Nd7 5. c4 Ngf6 6. h3 Bh5 7. Nc3 e6 8. Be2 Bd6 9. d4 O-O 10. O-O a6 11. Qc2 b5 12. Rfe1 Rb8 13. Rab1 Re8 14. c5 Bc7 15. e4 dxe4 16. Nxe4 Nxe4 17. Qxe4 Bg6 18. Qe3 Bxb1 19. Rxb1 Nf6 20. Bd3 Nd5 21. Qe4 f5 22. Qe1 Qf6 23. a3 Rbd8 24. Ne5 Bxe5 25. dxe5 Qg6 26. Bf1 h6 27. a4 Kh7 28. axb5 axb5 29.
Rd1 Rd7 30. Rd3 Ra8 31. Rg3 Qh5 32. Be2 Qh4 33. Kh2 Nf4 34. Bf3 Nd3 35. Qe2 Ra2 36. Bxc6 Rxb2 37. Qe3 f4 38. Qe4+ Kh8 39. Rxd3 Rxd3 40.
Qxd3 Rxf2 41. Bf3 Qg5 42. Kg1 Ra2 43. Be4 Ra1+ 44. Kf2 Ra2+ 45. Kg1 Ra1+ 46. Kh2 Qg3+ 47. Qxg3 fxg3+ 48. Kxg3 Rc1 49. c6 Rc5 50. Kf4 g5+ 51. Ke3 Kg7 52. Kd4 Rc1 53. Kd3 Kf8 54. Kd2 Rc5 55. b4 Rc4 56. Kd3 Ke7 57. Ke3 Rxb4 58.
Bd3 Kd8 59. Be4 Kc7 60. Kf3 Rxe4 61. Kxe4 Kxc6 62. Kd4 Kb6 63. g3 Ka5 64. Kc5 b4 65.
Kd6 b3 66. Kxe6 b2 67. Kf7 b1=Q 68. e6 Qf5+ 69. Ke7 Qxh3 70. Kd6 Qxg3+ 71. Kd7 Qd3+ 72. Ke8 g4 73. e7 g3 74. Kf8 Qf5+ 75. Kg8 Qg6+ 76.
Kh8 Qf6+ 0-1

[Event "*** Titled Tuesday Blitz"]
[Site "Chess.com"]
[Date "2020.05.19"]
[Round "9"]
[White "GMCarbone"]
[Black "GameOverBro"]
[Result "0-1"]
[WhiteElo "2340"]
[BlackElo "2514"]
[TimeControl "180+1"]
[EndTime "13:48:30 PDT"]
[Termination "GameOverBro won by checkmate"]

1. d4 d6 2. c4 Nf6 3. Nc3 Nbd7 4.
Nf3 e5 5. e4 Be7 6. g3 c6 7. Bg2 O-O 8. O-O a6 9. h3 b5 10. cxb5 axb5 11. Re1 Bb7 12. dxe5 dxe5 13. Nh4 g6 14. Bg5 Qb6 15. Qf3 b4 16. Nb1 c5 17.
Nd2 Qe6 18. b3 Nb6 19. Bxf6 Bxf6 20. Qg4 Qxg4 21. hxg4 Rfd8 22. Nhf3 Rd3 23. Bf1 Rc3 24. g5 Bg7 25. Kg2 h6 26. gxh6 Bxh6 27. Nc4 Nxc4 28.
Bxc4 Re8 29. a3 Kg7 30. axb4 cxb4 31. Ra7 Re7 32. Nxe5 Bxe4+ 33. Rxe4 Rxa7 34. f4 Kf8 35. Kh3 Bg7 36. Rd4 Bxe5 37. fxe5 Re7 38. Rd8+ Kg7 39. Rd5 Re3 40. Rb5 R7xe5 41. Rxb4 Rg5 42. Rb7 Rgxg3+ 43. Kh2 Rgf3 44. Kg2 Rf4 45. Bd5 g5 46. b4 Re2+ 47.
Kg3 Rb2 48. b5 Rd2 49. Bc6 Rd3+ 50. Kg2 Rb4 51. b6 Rd2+ 52. Kf3 Rd3+ 53. Ke2 Rc3 54.
Bd5 Rb2+ 55. Kd1 Rg3 56. Rxf7+ Kg6 57. Kc1 Rxb6 58. Rf2 Rd6 59. Be4+ Kh5 60. Kc2 Kg4 61. Bg6 Re3 62. Bf7 Re4 63. Bb3 Rf4 64. Rg2+ Kf5 65.
Kc3 Rc6+ 66. Kb2 Rb6 67. Ka3 Rf3 68. Rb2 Rbxb3+ 69. Rxb3 Rxb3+ 70. Kxb3 g4 71. Kc4 g3 72. Kd5 g2 73. Kd6 g1=Q 74. Ke7 Qg4 75. Ke8 Qe4+ 76. Kd8 Qe6 77. Kc7 Ke5 78. Kb7 Kd5 79. Ka7 Qc6 80. Kb8 Qd7 81. Ka8 Kc6 82. Kb8 Qb7# 0-1

[Event "*** Titled Tuesday Blitz"]
[Site "Chess.com"]
[Date "2020.05.19"]
[Round "9"]
[White "Grootneus"]
[Black "amiralfio"]
[Result "0-1"]
[WhiteElo "2235"]
[BlackElo "2454"]
[TimeControl "180+1"]
[EndTime "13:48:34 PDT"]
[Termination "amiralfio won by resignation"]

1. e4 c6 2. d4 g6 3. Nc3 Bg7 4. Nf3 d5 5. h3 Nf6 6. Bd3 dxe4 7.
Nxe4 O-O 8. O-O Nbd7 9. c3 Nxe4 10. Bxe4 c5 11. Be3 cxd4 12. Nxd4 Nf6 13. Bf3 Nd5 14.
Bg5 Nf6 15. Re1 h6 16. Bh4 Qb6 17. Qb3 Qxb3 18. axb3 e6 19. Nb5 Bd7 20. Nd6 Bc6 21. Bxc6 bxc6 22. b4 Nd5 23. Nc4 Rfc8 24. Bg3 c5 25.
Nd6 Rc6 26. b5 Rb6 27. c4 Nb4 28. Rad1 Bxb2 29. Ne4 Bd4 30. Bf4 g5 31. Be3 Nc2 32. Bxd4 cxd4 33. Re2 Na3 34. Rxd4 Rc8 35. Nf6+ Kg7 36.
Nd7 Rb7 37. Ne5 Rbc7 38. Ra2 Nb1 39. Ra6 Nc3 40. Nc6 Ne2+ 41. Kf1 Nxd4 42. Nxd4 Rxc4 43.
Nc6 Rc1+ 44. Ke2 Rc2+ 45. Kd3 Rc5 46. Rxa7 Rxb5 47. Nd4 Rd5 48. Ke4 Rc4 49. Ke3 Rcxd4 50. f3 Rd3+ 51. Kf2 h5 52. Kg3 Kg6 53. Kh2 f5 54.
Ra2 Kf6 55. Re2 h4 56. Ra2 Rd2 57. Ra3 Rd1 58. Re3 Rc1 59. Re2 Rdd1 60. g4 f4 61.
Ra2 Rh1+ 62. Kg2 Rhg1+ 63. Kf2 Rgf1+ 64. Ke2 Rh1 65. Ra6 Rcd1 66. Rb6 Rhe1+ 67. Kf2 Re3 68. Rb5 Rd2+ 69. Kf1 Rxf3+ 70. Kg1 Rg3+ 71. Kh1 Rxh3+ 72. Kg1 Rg3+ 73. Kf1 Rxg4 74. Ke1 Rdg2 75. Kf1 h3 76. Ke1 h2 0-1

[Event "*** Titled Tuesday Blitz"]
[Site "Chess.com"]
[Date "2020.05.19"]
[Round "9"]
[White "Papa12341234"]
[Black "Mirzaad786"]
[Result "1-0"]
[WhiteElo "2556"]
[BlackElo "2295"]
[TimeControl "180+1"]
[EndTime "13:48:36 PDT"]
[Termination "Papa12341234 won by resignation"]

1. e4 d5 2. exd5 Qxd5 3. Nc3 Qa5 4. d4 c6 5. Bd2 Qc7 6. Nf3 Bg4 7. Be2 Nd7 8. h3 Bh5 9. Be3 e6 10. Qd2 Bd6 11.
O-O-O f6 12. g4 Bf7 13. h4 Ne7 14. h5 O-O-O 15. Ne4 Nd5 16. Nxd6+ Qxd6 17. Kb1 Nxe3 18. fxe3 e5 19. c4 exd4 20. exd4 Rhe8 21. Bd3 h6 22. Rhe1 Kc7 23. Bf5 Bxc4 24. Bg6 Rxe1 25. Rxe1 Qd5 26. Qf4+ Qd6 27. Qe3 Bd5 28. Nd2 Nf8 29. Bf5 Nd7 30. Bg6 Nb6 31. Bf5 Bf7 32. Qe7+ Rd7 33. Bxd7 Qxd7 34. Qxd7+ Kxd7 35. Ne4 Nd5 36. Nc5+ Kc7 37.
Ne6+ Bxe6 38. Rxe6 Kd7 39. Re4 Nc7 40. Kc2 Ne6 41.
Kc3 Ng5 42. Re3 Nf7 43. b4 Nd6 44. a4 Ne8 45. Kc4 Nc7 46. b5 Nd5 47. Re1 Nb6+ 48. Kb4 Nd5+ 49. Kc5 b6+ 50. Kc4 Ne7 51. bxc6+ Nxc6 52. Kd5 a6 53. Rb1 Ne7+ 54. Ke4 Kc6 55. d5+ Kc7 56. Kd4 Nc8 57. Rc1+ Kd7 58. Rc6 b5 59.
axb5 axb5 60. Kc5 Ne7 61. Rd6+ Kc7 62. Re6 Kd7 63. Re1 b4 64. Rb1 f5 65. Rxb4 fxg4 66. Rxg4 Nf5 67. Ra4 Ke7 68. Ra7+ Kf6 69. d6 Nxd6 70. Kxd6 Kg5 71. Rxg7+ Kxh5 72. Ke5 Kh4 73. Kf4 h5 74. Rg5 Kh3 75. Rxh5+ Kg2 76. Rg5+ Kf2 77. Rg3 Ke2 78. Rf3 Kd2 79. Ke4 Kc2 80.
Rd3 Kb2 81. Kd4 Kc2 82. Kc4 Kb2 83. Rc3 Ka1 84. Kb3 Kb1 85. Rc4 1-0

[Event "*** Titled Tuesday Blitz"]
[Site "Chess.com"]
[Date "2020.05.19"]
[Round "9"]
[White "LostaBet95"]
[Black "Caterpiller35"]
[Result "1-0"]
[WhiteElo "2532"]
[BlackElo "2364"]
[TimeControl "180+1"]
[EndTime "13:48:41 PDT"]
[Termination "LostaBet95 won by resignation"]

1. e4 c5 2. Nf3 Nc6 3. d4 cxd4 4. Nxd4 e5 5. Nb5 d6 6. c4 Be7 7. N1c3 a6 8. Na3 Be6 9. Be2 Bg5 10. O-O Bxc1 11.
Rxc1 Nf6 12. Nc2 Rc8 13. b3 O-O 14. Qd2 Qa5 15. Rfd1 Rfd8 16. f3 Qc5+ 17. Kf1 Nh5 18.
Qe3 Qxe3 19. Nxe3 Nd4 20. Nc2 Nxe2 21. Nxe2 Kf8 22. Rd2 Ke7 23. Rcd1 g6 24. Ne3 b5 25. cxb5 axb5 26. Rc2 b4 27. Rdc1 Rxc2 28. Rxc2 Ra8 29. Nc1 f5 30. Rc7+ Kf6 31. exf5 gxf5 32. Rxh7 Nf4 33. g3 Nd5 34. Nc4 Nc3 35. Nxd6 Nxa2 36. Nxa2 Rxa2 37. Ne8+ Kg6 38. Rg7+ Kh6 39. Rb7 Bxb3 40.
Rxb4 Bd5 41. f4 e4 42. Nf6 Be6 43. g4 fxg4 44. Rxe4 Bf5 45. Re5 Kg6 46. Nd5 Bd3+ 47. Kg1 Ra1+ 48. Kf2 Ra2+ 49. Kg3 Be2 50. Rg5+ Kh6 51.
Nf6 Bf3 52. Nxg4+ Bxg4 53. Rxg4 Kh5 54. Rg5+ Kh6 55. h4 Ra1 56. Re5 Kg6 57. h5+ Kh6 58.
Rg5 Rb1 59. Kg4 Rg1+ 60. Kf5 Ra1 61. Kf6 Ra6+ 62. Kf5 Ra5+ 63. Kg4 Ra1 64. Rg6+ Kh7 65. Kg5 Ra5+ 66. f5 Rb5 67. h6 Ra5 68. Rg7+ Kh8 69. Kg6 Ra6+ 70. Kg5 Ra5 71. Rb7 Rc5 72. Kg6 Rc6+ 73. f6 Rc8 74. Rh7+ Kg8 75. f7+ 1-0

[Event "*** Titled Tuesday Blitz"]
[Site "Chess.com"]
[Date "2020.05.19"]
[Round "9"]
[White "Marcan2b"]
[Black "1stSecond"]
[Result "0-1"]
[WhiteElo "2482"]
[BlackElo "2743"]
[TimeControl "180+1"]
[EndTime "13:48:47 PDT"]
[Termination "1stSecond won by resignation"]

1. e4 e5 2. Nf3 Nc6 3. Bb5 a6 4. Ba4 Nf6 5. Nc3 b5 6. Bb3 Bc5 7. d3 d6 8. Nd5 h6 9. c3 Rb8 10. O-O O-O 11. Be3 Bg4 12. h3 Bh5 13. a4 b4 14. Bc4 bxc3 15. bxc3 Nxd5 16. Bxd5 Bxe3 17.
fxe3 Ne7 18. Bc4 a5 19. Rb1 Kh8 20. Qe2 Rxb1 21. Rxb1 f5 22. exf5 d5 23. Ba2 e4 24.
g4 exf3 25. Qxf3 Rxf5 26. Qg3 Rg5 27. Rb7 Be8 28. Qxc7 Qxc7 29. Rxc7 Re5 30. Kf2 Bxa4 31. d4 Re6 32. Ra7 Bc6 33. Rxa5 g5 34. Ra7 Kg7 35. c4 dxc4 36. Bxc4 Rf6+ 37. Ke2 Kf8 38. Rc7 Bg2 39.
Ra7 Nd5 40. Ra5 Nc3+ 41. Kd3 Ne4 42. Ra8+ Ke7 43. Ra7+ Kd8 44. Ra8+ Kc7 45. Ra7+ Kb6 46. Ra6+ Kc7 47. Rxf6 Nxf6 48. d5 Nxd5 49. Kd4 Ne7 50. Ke5 Bxh3 51. Kf6 Nc6 52. Kg7 Ne5 53. Kxh6 Nxc4 54.
Kxg5 Kd6 55. Kf4 Ne5 56. g5 Ke6 57. e4 Ng6+ 58. Kg3 Bf1 59. Kf2 Bc4 60. Ke3 Ke5 61.
Kf2 Kxe4 62. Kg3 Ke3 63. Kg4 Bd3 64. Kh5 Kf4 65. Kh6 Kf5 66. Kg7 Bc4 67. Kh6 Be6 68.
Kg7 Kxg5 69. Kh7 Kf6 70. Kh6 Bg8 71. Kh5 Ne5 72. Kh6 Ng4+ 73. Kh5 Kf5 74. Kh4 Kf4 75.
Kh5 Bf7+ 76. Kh4 Ne3 77. Kh3 Be8 78. Kh4 Ng2+ 79. Kh3 Kf3 80. Kh2 Nf4 81. Kg1 Bb5 82. Kh2 Kf2 83. Kh1 Kg3 84. Kg1 Nh3+ 0-1

[Event "*** Titled Tuesday Blitz"]
[Site "Chess.com"]
[Date "2020.05.19"]
[Round "9"]
[White "ZverevLev"]
[Black "Maksimus1998"]
[Result "0-1"]
[WhiteElo "2186"]
[BlackElo "2449"]
[TimeControl "180+1"]
[EndTime "13:48:50 PDT"]
[Termination "Maksimus1998 won on time"]

1. e4 c5 2. Nf3 e6 3. d4 cxd4 4.
Nxd4 a6 5. Bd3 Bc5 6. Nb3 Be7 7. Qg4 Bf6 8. O-O Ne7 9. f4 d6 10. Nc3 Nbc6 11. Be3 b5 12. Qg3 Bb7 13. Rad1 Qc7 14. a3 O-O 15. Ne2 Bxb2 16. c3 Rad8 17. f5 Ne5 18.
Bb1 Bxa3 19. f6 N7g6 20. fxg7 Kxg7 21. h3 Qe7 22. Ned4 Qh4 23. Qxh4 Nxh4 24. Bg5 Nhg6 25. Bxd8 Rxd8 26. Na5 Ba8 27. Ba2 Rc8 28. Nc2 Bc5+ 29. Kh2 Bxe4 30. Nb4 Bxb4 31. cxb4 Rc2 32. Bb1 Rxg2+ 33.
Kh1 Re2+ 34. Bxe4 Rxe4 35. Rxd6 Rxb4 36. Rxa6 Ra4 37. Ra7 b4 38. Nc6 Rxa7 39. Nxa7 Ne7 40. Rb1 Nd5 41. Nb5 f5 42. Nd4 Kf6 43. Nc2 Nd3 44. Rb3 Nc5 45. Rb2 b3 46. Nd4 e5 47.
Nxb3 Nxb3 48. Rxb3 f4 49. Kg2 Kf5 50. Rb5 Nc3 51. Rb8 Ne4 52. Rf8+ Nf6 53. Rb8 h5 54. Rb5 h4 55. Kf3 Nh7 56. Rb8 Ng5+ 57. Kg2 f3+ 58. Kf2 e4 59. Rf8+ Ke5 60. Ke3 Nxh3 61.
Re8+ Kf5 62. Rxe4 f2 63. Re8 f1=N+ 64. Ke2 Ng3+ 65. Ke1 Nf4 66. Rh8 Ngh5 67. Rf8+ Kg4 68. Rg8+ Kf3 69. Kf1 h3 70. Kg1 Ng3 71. Kh2 Nf1+ 0-1